 Dungeon Crawl Stone Soup version 0.29-a0-732-g3d7fbe0af2 (webtiles) character file.

Game seed: 41234166861255147

43 crusatyr the Slasher (level 3, -1/29 HPs)
             Began as a Demonspawn Monk on June 29, 2022.
             Killed by nerve-wracking pain
             ... invoked by Jessica
              (9 damage)
             ... on level 2 of the Dungeon.
             The game lasted 00:02:11 (874 turns).

crusatyr the Slasher (Demonspawn Monk)               Turns: 874, Time: 00:02:12

Health: -1/29      AC:  9    Str: 13    XL:     3   Next: 37%
Magic:  3/3        EV:  6    Int: 11    God:
Gold:   63         SH:  4    Dex: 15    Spells: 2/2 levels left

rFire   . . .      SeeInvis .   g - +0 flail
rCold   + . .      Faith    .   (no shield)
rNeg    . . .      Spirit   .   j - +0 chain mail
rPois   .          Reflect  .   (no helmet)
rElec   .          Harm     .   a - +0 cloak
rCorr   .          Rampage  .   (no gloves)
Will    .....                   (no boots)
Stlth   ..........              (no amulet)
HPRegen 0.09/turn               e - ring of protection from cold
MPRegen 0.08/turn               (no ring)

@: no status effects
A: condensation shield
a: no special abilities


You were on level 2 of the Dungeon.
You visited 1 branch of the dungeon, and saw 2 of its levels.

You collected 63 gold pieces.

Inventory:

Hand Weapons
 g - a +0 flail (weapon)
Armour
 a - a +0 cloak (worn)
 j - a +0 chain mail (worn)
Jewellery
 e - a ring of protection from cold (left hand)
Scrolls
 b - a scroll of fog {unknown}
 d - a scroll of identify {unknown}
 f - a scroll of teleportation {unknown}
 i - a scroll of enchant armour {unknown}
Potions
 c - a potion of ambrosia
 h - a potion of curing {unknown}


   Skills:
 - Level 3.0 Fighting
 - Level 3.4 Long Blades
 * Level 1.8 Maces & Flails
 - Level 2.6 Dodging
 - Level 1.7 Stealth


You had 2 spell levels left.
You didn't know any spells.
Your spell library contained the following spells:

 Spells                   Type           Power      Damage    Failure   Level
 Shock                    Conj/Air       0%         1d3       100%        1
 Ensorcelled Hibernation  Hex/Ice        0%         N/A       100%        2
 Passwall                 Tmut/Erth      0%         N/A       100%        2
 Swiftness                Air            0%         N/A       100%        3
 Airstrike                Air            0%         N/A       100%        4


Dungeon Overview and Level Annotations

Branches:
Dungeon (2/15)

Altars:

Shops:
D:1 ![(((

Annotations:
D:2 Jessica


Innate Abilities, Weirdness & Mutations

A meltable shield of frost defends you. (SH +4)


Message History

Jessica mumbles some strange words.
Jessica blinks!
The jackal bites you but does no damage.
You hit the jackal but do no damage.
The jackal bites you but does no damage.
You hit the jackal.
You kill the jackal!
You block the worm's attack.
Jessica mumbles some strange words.
Jessica seems to speed up.
Items here: )) †††.
You hit the worm.
The worm is lightly wounded.
Jessica casts a spell.
Jessica blinks!
The worm bites you but does no damage.
You thump the worm!
The worm is heavily wounded.
The worm bites you but does no damage.
Jessica mumbles some strange words.
Jessica blinks!
You thump the worm!
You kill the worm!
The goblin unwields a +0 club.
The goblin wields a +0 sling.
The goblin shoots a sling bullet.
The sling bullet hits you but does no damage.
The goblin unwields a +0 sling.
The goblin wields a +0 club.
You block the goblin's attack.
You hit the goblin.
You kill the goblin!
Jessica shouts, "You are a ghastly nuisance!"
Jessica points at you and mumbles some strange words.
You resist with some effort.
Things that are here:
a +0 club; a +0 sling; 2 gold pieces Jessica gestures at you while chanting.
Pain shoots through your body!
* * * LOW HITPOINT WARNING * * *
Jessica casts a spell at you. Pain shoots through your body!
You die...

..$...!.# .
........#####..
...............
...)......w..
...........
...$@.)..#
......)..##
...#####.)#
##@# #)# #.##
#.# #..# #.#
##.## #.# #..#
#.# ##.# #.#
#.###.# #..##)#


You could see Jessica (fast).

Vanquished Creatures
  2 worms (D:2)
  4 giant cockroaches
  6 goblins
  A hobgoblin (D:1)
  4 jackals (D:2)
  A quokka (D:1)
  4 ball pythons (D:1)
  2 frilled lizards
  7 kobolds
  2 rats (D:1)
33 creatures vanquished.

Notes
Turn   | Place    | Note
-------+----------+-------------------------------------------
     0 | D:1      | crusatyr the Demonspawn Monk began the quest for the Orb.
     0 | D:1      | Reached XP level 1. HP: 18/18 MP: 1/1
   182 | D:1      | Found Nipeneso's Weapon Boutique.
   205 | D:1      | Found Xaumonir's Armour Boutique.
   216 | D:1      | Gained mutation: A meltable shield of frost defends you.
                  | (SH +4) [demonic ancestry]
   216 | D:1      | Reached XP level 2. HP: 18/24 MP: 2/2
   318 | D:1      | Found Typi Fuu's Antique Weapon Emporium.
   388 | D:1      | Found Nevuanyff's Weapon Emporium.
   558 | D:1      | Found a faded altar of an unknown god.
   632 | D:1      | Found Junwustu's Distillery.
   831 | D:2      | Reached skill level 1 in Maces & Flails
   834 | D:2      | Noticed Jessica
   840 | D:2      | Reached XP level 3. HP: 20/29 MP: 3/3
   874 | D:2      | Killed from afar by Jessica

Illustrated notes

Levels and vault maps discovered:
D:1:      dpeg_arrival_refuge, layout_rooms, serial_shops,
          nicolae_shop_temple_entry_statues_fountains,
          nicolae_shop_advertising_works [nicolae_subvault_shop_adworks],
          nicolae_shop_trees, nicolae_diamond_shop, nicolae_shop_waterfront,
          shapermc_ecumenical_altar_pompeii
D:2:      layout_basic, uniq_natasha, uniq_jessica

Skill      XL: |  1  2 |
---------------+-------+-----
Long Blades    | 3 |  3.4
Maces & Flails | 1 |  1.8
Fighting       | |  3.0
Dodging        | |  2.6
Stealth        | |  1.7

Action                   || total
-------------------------++-------
Melee: Falchion          ||    31
       Flail             ||    56
 Stab: Sleeping          ||     1
Armor: Robe              ||    14
       Chain mail        ||    51
Dodge: Dodged            ||    51
Block: Other             ||    19

Table legend: (Time is in decaauts)
 A = Elapsed time spent in this place.
 B = Non-inter-level travel time spent in this place.
 C = Inter-level travel time spent in this place.
 D = Time resting spent in this place.
 E = Time spent auto-exploring this place.
 F = Levels seen in this place.
 G = Mean time per level.
                   A        B        C        D        E       F      G
               +--------+--------+--------+--------+--------+-----+--------+
         Total |    898 |    879 |     19 |      0 |    630 |   2 |  449.0 |
       Dungeon |    898 |    879 |     19 |      0 |    630 |   2 |  449.0 |
               +--------+--------+--------+--------+--------+-----+--------+

Top non-repeatable levels by time:
     D:1: 761 daAuts
     D:2: 137 daAuts
